 Dungeon Crawl Stone Soup version 0.32-a0-685-g93135e86f0 (webtiles) character file.

Game seed: 7025895987585819100

4860 jestert79 the Carver (level 10, -8/70 HPs)
             Began as a Demonspawn Necromancer on Mar 12, 2024.
             Was an Elder of Yredelemnul.
             Mangled by a nine-headed hydra (13 damage)
             ... on level 9 of the Dungeon.
             The game lasted 00:33:41 (10868 turns).

jestert79 the Carver (Demonspawn Necromancer)      Turns: 10868, Time: 00:33:42

Health: -8/70      AC: 15    Str: 10    XL:     10   Next: 25%
Magic:  13/13      EV:  3    Int: 17    God:    Yredelemnul [****..]
Gold:   866        SH:  0    Dex: 15    Spells: 9/13 levels left

rFire   . . .        c - +1 long sword (vamp)
rCold   . . .        (no shield)
rNeg    . . .        B - +0 plate armour
rPois   .            (helmet restricted)
rElec   .            o - +0 cloak
rCorr   .            (no gloves)
SInv    .            (no boots)
Will    .....        (no amulet) Stlth
                     (no ring)
HPRegen 0.31/turn    (no ring)
MPRegen 0.13/turn

%: no passive effects
@: wreathed by umbra
A: horns 1, powered by death 1, sharp scales 2
a: Renounce Religion, Light the Black Torch, Recall Undead Harvest, Hurl
Torchlight, Bind Soul


You were on level 9 of the Dungeon.
You worshipped Yredelemnul.
Yredelemnul was noncommittal.
You visited 1 branch of the dungeon, and saw 9 of its levels.
You also visited: Ossuary.

You collected 866 gold pieces.

Inventory:

Hand Weapons
 c - a +1 vampiric long sword (weapon)
 f - a +0 rapier
 w - a +0 scimitar of venom
Missiles
 e - 2 throwing nets
 m - 18 poisoned darts
Armour
 o - a +0 cloak (worn)
 B - a +0 plate armour (worn)
 F - a +0 buckler
Wands
 a - a wand of flame (24)
 h - a wand of mindburst (5)
 x - a wand of roots (18)
 y - a wand of polymorph (5)
Scrolls
 d - 2 scrolls of fear
 g - 2 scrolls of poison
 i - 3 scrolls of revelation
 j - a scroll of brand weapon
 p - 6 scrolls of teleportation
 s - 3 scrolls of amnesia
 z - a scroll of fog {unknown}
 A - a scroll of vulnerability {unknown}
 E - a scroll of enchant armour
Potions
 b - 2 potions of magic
 k - 2 potions of haste
 l - a potion of ambrosia
 n - 2 potions of brilliance
 q - a potion of attraction {unknown}
 r - a potion of mutation {unknown}
 t - a potion of cancellation
 u - a potion of berserk rage
 v - a potion of resistance
 C - a potion of heal wounds {unknown}
 D - a potion of curing
 G - a potion of might


   Skills:
 - Level 3.5 Fighting
 - Level 1.8(6.1) Short Blades
 * Level 9.3(9.4) Long Blades
 + Level 5.3 Armour
 - Level 3.8 Dodging
 - Level 3.0 Stealth
 - Level 2.0 Spellcasting
 - Level 8.9 Necromancy


You had 9 spell levels left.
You knew the following spells:

 Your Spells              Type           Power      Damage    Failure   Level
a - Necrotise             Necr           100%       1d9       83%         1
b - Vampiric Draining     Necr           32%        2d8       99%         3

Your spell library contained the following spells:

 Spells                   Type           Power      Damage    Failure   Level
 Sublimation of Blood     Necr           32%        N/A       92%         2
 Apportation              Tloc           2%         N/A       100%        1
 Freeze                   Ice            4%         1d3       100%        1
 Jinxbite                 Hex            2%         N/A       100%        2
 Frozen Ramparts          Ice            2%         1d1       100%        3
 Hailstorm                Conj/Ice       1%         3d5       100%        3
 Summon Ice Beast         Ice/Summ       1%         N/A       100%        3
 Cause Fear               Hex            0%         N/A       100%        4
 Petrify                  Alch/Erth      1%         N/A       100%        4
 Alistair's Intoxication  Alch           0%         N/A       100%        5
 Curse of Agony           Necr           32%        N/A       100%        5
 Fireball                 Conj/Fire      0%         3d3       100%        5
 Irradiate                Conj/Alch      0%         3d11      100%        5
 Summon Mana Viper        Hex/Summ       1%         N/A       100%        5
 Monstrous Menagerie      Summ           0%         N/A       100%        7
 Dragon's Call            Summ           0%         N/A       100%        9
 Animate Dead             Necr           Unusable   N/A       N/A         4

Dungeon Overview and Level Annotations

Branches:
Dungeon (9/15)             Temple (0/1) D:5            Lair (0/5) D:9
Ossuary (visited)
    Orc: D:9-12

Altars:
Ashenzari
Dithmenos
Gozag
Hepliaklqana
Kikubaaqudgha
Sif Muna
Wu Jian
Xom
Yredelemnul
Beogh

Annotations:
D:2 Terence


Innate Abilities, Weirdness & Mutations

You have a pair of small horns on your head.
You regenerate a little health from kills.
You are mostly covered in razor-sharp scales. (AC +2, Slay +2)


Message History

The roots erupt in riotous growth!
Roots grab the eight-headed hydra.
The grasping roots constrict the eight-headed hydra.
You hear a shout! x3
The eight-headed hydra escapes!
Your orc priest zombie hits the eight-headed hydra.
You hit the eight-headed hydra. You headbutt the eight-headed hydra.
The eight-headed hydra is lightly wounded.
The eight-headed hydra bites you.
The eight-headed hydra barely misses you.
The eight-headed hydra bites you. x2
The eight-headed hydra bites you but does no damage. x3
The eight-headed hydra bites you!
Your orc priest zombie hits the eight-headed hydra.
Unknown command.
Unknown command.
You chop one of the eight-headed hydra's heads off!
The seven-headed hydra grows two more!
You slash the nine-headed hydra! You headbutt the nine-headed hydra.
The nine-headed hydra is moderately wounded.
The nine-headed hydra bites you! x2; The nine-headed hydra bites you.
The nine-headed hydra bites you but does no damage. x2
The nine-headed hydra bites you!
* * * LOW HITPOINT WARNING * * *
The nine-headed hydra bites you.
* * * LOW HITPOINT WARNING * * *
The nine-headed hydra bites you but does no damage.
The nine-headed hydra bites you!
* * * LOW HITPOINT WARNING * * *
Your acid dragon zombie bites the nine-headed hydra!
Your acid dragon zombie claws the nine-headed hydra.
You barely miss the nine-headed hydra.
The nine-headed hydra is moderately wounded.
Your orc priest zombie hits the nine-headed hydra.
The nine-headed hydra bites you!
* * * LOW HITPOINT WARNING * * *
The nine-headed hydra bites you but does no damage. x2
The nine-headed hydra bites you!
You die...
Your body rises from the dead as a mindless zombie.

#.##.#Z# #....#Z#
##..[[.####
#...##Z###.........
#....#Z##.........#
#Z...Z..+.........+
#Z...####.........#
#Z#.## #........# #Z###
#..D..# #.# #Z@Z# #Z#
##Z## #Z# ########Z#
#Z# #.....Z#Z# #Z#
#.####.#.## #Z# #Z#
#....##
#Z####.####.....#####.#
#ZZZ###...............#
###.'_'.....#.#########


You could see a nine-headed hydra (ally target), a friendly acid dragon zombie,
2 friendly killer bee zombies, a friendly orc priest zombie and a friendly orc
wizard zombie.

Vanquished Creatures
  A wraith (D:9)
  A steam dragon (D:7)
  A vampire mosquito (D:8)
  An acid dragon (D:9)
  5 orc warriors
  2 black bears
  2 sky beasts
  An ogre (D:5)
  2 phantoms
  A kobold brigand (D:4)
  A weeping skull (Ossuary)
  3 bullfrogs
  A scorpion (D:2)
  6 water moccasin zombies (Ossuary)
  4 killer bees
  3 electric eels (D:8)
  4 hounds
  2 jellies
  7 orc priests
  A spectral scorpion (Ossuary)
  A sleepcap (D:7)
  4 iguanas
  7 orc wizards
  A crocodile zombie (Ossuary)
  2 mummies (Ossuary)
  5 gnolls
  6 adders
  A white imp (D:7)
  2 adder zombies (Ossuary)
  2 ribbon worms
  28 orcs
  5 bats
  6 endoplasms
  3 giant cockroaches
  5 gnoll zombies (Ossuary)
  4 goblins
  3 hobgoblins
  A jackal (D:4)
  7 quokkas
  9 ball pythons
  2 frilled lizards (D:1)
  8 jackal zombies (Ossuary)
  6 kobolds
  2 orc zombies (Ossuary)
  7 rats
176 creatures vanquished.

Vanquished Creatures (collateral kills)
  A wraith (D:9)
  A steam dragon (D:8)
  A vampire mosquito (D:8)
  An ice beast (D:7)
  A centaur (D:8)
  A bullfrog (D:8)
  2 gnoll sergeants
  4 killer bees (D:9)
  An electric eel (D:8)
  A hound (D:5)
  A jelly (D:6)
  A sleepcap (D:6)
  2 iguanas (D:5)
  8 gnolls
  2 adders (D:4)
  A shadow imp (D:6)
  9 orcs
  3 ball pythons
  2 endoplasms
  A goblin (D:3)
  2 hobgoblins (D:4)
  6 jackals
52 creatures vanquished.

Vanquished Creatures (others)
  An ogre (D:4)
  A bullfrog zombie (D:6)
  A centaur zombie (D:8)
  A sleepcap (D:8)
  4 killer bee zombies
  A sky beast zombie (D:8)
  2 adder zombies (D:4)
  2 jelly zombies (D:6)
  12 orc zombies
  A ribbon worm (D:4)
  An orc (D:4)
  3 gnoll zombies
  A hobgoblin (D:4)
  A jackal (D:4)
  A quokka (D:4)
  A ball python zombie (D:4)
  A hobgoblin zombie (D:4)
  7 jackal zombies
  2 quokka zombies (D:4)
44 creatures vanquished.

Grand Total: 272 creatures vanquished

Notes
Turn   | Place    | Note
-------+----------+-------------------------------------------
     0 | D:1      | jestert79 the Demonspawn Necromancer began the quest for
                  | the Orb.
     0 | D:1      | Reached XP level 1. HP: 13/13 MP: 3/3
   377 | D:1      | Gained mutation: You are partially covered in razor-sharp
                  | scales. (AC +1, Slay +1) [demonic ancestry]
   377 | D:1      | Reached XP level 2. HP: 19/19 MP: 3/5
   988 | D:2      | Noticed a scorpion
  1000 | D:2      | Killed a scorpion
  1001 | D:2      | Reached skill level 5 in Necromancy
  1001 | D:2      | Reached XP level 3. HP: 17/24 MP: 0/6
  1001 | D:2      | Reached XP level 4. HP: 22/30 MP: 0/7
  1118 | D:2      | Learned a level 3 spell: Vampiric Draining
  1625 | D:2      | Noticed Terence
  1899 | D:3      | Gained mutation: You have a pair of small horns on your
                  | head. [demonic ancestry]
  1899 | D:3      | Reached XP level 5. HP: 22/35 MP: 4/8
  2150 | D:3      | Found a faded altar of an unknown god.
  2160 | D:3      | Prayed at the altar of an unknown god.
  2160 | D:3      | Became a worshipper of Yredelemnul the Fallen
  2160 | D:3      | Reached * piety under Yredelemnul
  2611 | D:3      | Found a shadowy altar of Dithmenos.
  3017 | D:4      | Gained mutation: You are mostly covered in razor-sharp
                  | scales. (AC +2, Slay +2) [demonic ancestry]
  3017 | D:4      | Reached XP level 6. HP: 10/41 MP: 2/9
  3319 | D:4      | Found a shimmering altar of Xom.
  3549 | D:4      | Reached skill level 1 in Fighting
  3598 | D:4      | Reached skill level 1 in Short Blades
  3598 | D:4      | Reached XP level 7. HP: 12/48 MP: 0/10
  3922 | D:4      | Reached ** piety under Yredelemnul
  4101 | D:4      | Found a hazy altar of Hepliaklqana.
  4795 | D:5      | Entered Level 5 of the Dungeon
  4941 | D:5      | Found a staircase to the Ecumenical Temple.
  4986 | D:5      | Reached skill level 1 in Long Blades
  5060 | D:5      | Reached XP level 8. HP: 29/57 MP: 4/11
  5651 | D:6      | Found a sand-covered staircase.
  5658 | Ossuary  | Entered an ossuary
  5698 | Ossuary  | Reached skill level 2 in Long Blades
  5840 | Ossuary  | Reached skill level 1 in Armour
  5979 | Ossuary  | Reached skill level 3 in Long Blades
  6285 | D:6      | Reached skill level 4 in Long Blades
  6740 | D:6      | Found a runed translucent door.
  6903 | D:6      | Reached skill level 5 in Long Blades
  7288 | D:6      | Reached *** piety under Yredelemnul
  7290 | D:6      | Reached XP level 9. HP: 64/64 MP: 12/12
  7489 | D:6      | Found a roughly hewn altar of Beogh.
  7607 | D:7      | HP: 3/64 [orc priest/nerve-wracking pain (11)]
  7839 | D:7      | Found an opulent altar of Gozag.
  7839 | D:7      | Found an ornate altar of the Wu Jian Council.
  7839 | D:7      | Found an ancient bone altar of Kikubaaqudgha.
  7846 | D:7      | Found a basalt altar of Yredelemnul.
  7858 | D:7      | Reached skill level 6 in Long Blades
  8131 | D:7      | Reached skill level 7 in Long Blades
  8952 | D:8      | Reached skill level 8 in Long Blades
  9070 | D:8      | Reached **** piety under Yredelemnul
  9357 | D:8      | Gained mutation: You regenerate a little health from kills.
                  | [demonic ancestry]
  9357 | D:8      | Reached XP level 10. HP: 17/70 MP: 13/13
  9945 | D:9      | Found a shimmering blue altar of Sif Muna.
 10237 | D:9      | Found a staircase to the Lair.
 10326 | D:9      | Reached skill level 9 in Long Blades
 10326 | D:9      | Reached skill level 5 in Armour
 10827 | D:9      | Found a broken altar of Ashenzari.
 10860 | D:9      | Noticed an eight-headed hydra
 10868 | D:9      | Mangled by a nine-headed hydra

Illustrated notes

Levels and vault maps discovered:
D:1:      noname_arrival_rooms_in_the_neighbourhood, layout_loops_ring
D:2:      layout_basic, serial_bayou_lagoon_a, dk_vineyard_2, st_stairs_6,
          uniq_terence
D:3:      wander_river, layout_loops_corners, lemuel_doored_altar,
          hellmonk_ecumenical_altar_heavens_door,
          minmay_fractal_squares_gapless_5
D:4:      layout_layer_cave, mainiacjoe_overflow_surrounded_room,
          xom_confusion_cloud
D:5:      layout_cave_pools, minmay_temple_entry_arrows
D:6:      layout_loops_ring, lightli_ossuary_entry_decrepit_ruins,
          lightli_church_of_beogh
D:7:      layout_basic, gammafunk_temple_overflow_forgotten,
          lemuel_crystal_altar, corexii_item_surrounded_by_moat
D:8:      nicolae_cairo_tiling_large, layout_loops_ring, lemuel_round_altar,
          serial_bayou, serial_bayou_pond_a, serial_bayou_shore_a,
          serial_bayou_pond_b, serial_bayou_crossing
D:9:      minmay_goldmine, layout_loops_corners,
          nicolae_qazlal_style_of_elements, mainiacjoe_overflow_brackets,
          kennysheep_mini, lair_entry_dummy, serial_shops,
          nicolae_shop_gibbet_a_chance, nicolae_stop_n_shop_2, uniq_maggie

Skill      XL: |  1  2  3  4  5  6  7  8  9 10 |
---------------+-------------------------------+-----
Stealth        | 2 3 |  3.0
Necromancy     | 5 6 7 8 |  8.9
Dodging        | 2 3 |  3.8
Fighting       | 1 2 3 |  3.5
Short Blades   | 1 |  1.8
Long Blades    | 1 5 8 9 |  9.3
Armour         | 3 4 5 |  5.3
Spellcasting   | |  2.0

Action                     |  1- 3 |  4- 6 |  7- 9 | 10-12 || total
---------------------------+-------+-------+-------+-------++-------
  Melee: Short sword       |     3 |       |       |       ||     3
         Rapier            |       |   138 |   264 |       ||   402
         Headbutt          |       |    14 |   106 |    22 ||   142
         Long sword        |       |       |   182 |    88 ||   270
   Cast: Necrotise         |    29 |    26 |     3 |       ||    58
         Vampiric Draining |       |    13 |    10 |       ||    23
 Invoke: Light the Black T |       |     2 |     4 |     1 ||     7
         Recall Undead Har |       |       |     3 |       ||     3
  Evoke: Wand              |       |       |     3 |     3 ||     6
    Use: Scroll            |       |       |    18 |       ||    18
         Potion            |       |       |     6 |       ||     6
   Stab: Sleeping          |       |     8 |     2 |       ||    10
         Distracted        |       |     1 |     1 |     1 ||     3
 Armour: Robe              |     5 |    90 |    52 |       ||   147
         Skin              |       |       |    21 |       ||    21
         Chain mail        |       |       |   295 |       ||   295
         Plate armour      |       |       |   102 |   146 ||   248
  Dodge: Dodged            |     2 |   115 |   144 |    13 ||   274

Table legend: (Time is in decaauts)
 A = Elapsed time spent in this place.
 B = Non-inter-level travel time spent in this place.
 C = Inter-level travel time spent in this place.
 D = Time resting spent in this place.
 E = Time spent auto-exploring this place.
 F = Levels seen in this place.
 G = Mean time per level.
                   A        B        C        D        E       F      G
               +--------+--------+--------+--------+--------+-----+--------+
         Total |  11012 |  10566 |    446 |   2282 |   6039 |  10 | 1101.2 |
       Dungeon |  10405 |   9959 |    446 |   1971 |   6039 |   9 | 1156.1 |
       Ossuary |    606 |    606 |      0 |    311 |      0 |   1 |  606.0 |
               +--------+--------+--------+--------+--------+-----+--------+

Top non-repeatable levels by time:
     D:4: 2006 daAuts
     D:8: 1352 daAuts
     D:6: 1332 daAuts
     D:3: 1273 daAuts
     D:7: 1033 daAuts
     D:9: 966 daAuts
     D:1: 903 daAuts
     D:2: 803 daAuts
     D:5: 734 daAuts
 Ossuary: 606 daAuts
